[ PARTIDA AOE2 · #474202148 ]
UnrankedEslavos vs Portuguese
[ ANÁLISIS DE REPETICIÓN · EXTRAÍDO DE LA PARTIDA GRABADA ]
Feudal
10:58
Castillos
14:33
Imperial
—
| APM promedio | 32.0 |
| APM pico | 60 |
| eAPM promedio | 18.9 |
| Aldeanos / militares | 65 / 47 |
Foco
⚔️ 51.4% · 🌾 48.6%
Knight ×26 · Scout Cavalry ×21
Feudal
9:41
Castillos
13:10
Imperial
—
| APM promedio | 40.5 |
| APM pico | 65 |
| eAPM promedio | 22.9 |
| Aldeanos / militares | 50 / 21 |
Foco
⚔️ 44.8% · 🌾 55.2%
Monk ×17 · Organ Gun ×4
Feudal
11:01
Castillos
14:45
Imperial
—
| APM promedio | 25.1 |
| APM pico | 66 |
| eAPM promedio | 13.5 |
| Aldeanos / militares | 64 / 12 |
Foco
⚔️ 17.7% · 🌾 82.3%
Knight ×9 · Spearman ×3
Feudal
10:58
Castillos
15:03
Imperial
—
| APM promedio | 51.1 |
| APM pico | 93 |
| eAPM promedio | 29.5 |
| Aldeanos / militares | 49 / 16 |
Foco
⚔️ 22.3% · 🌾 77.7%
Archer ×9 · Battering Ram ×5 · Mangonel ×2
Feudal
—
Castillos
—
Imperial
—
| APM promedio | 39.3 |
| APM pico | 94 |
| eAPM promedio | 18.8 |
| Aldeanos / militares | 53 / 35 |
Foco
⚔️ 31.6% · 🌾 68.4%
Monk ×26 · Battering Ram ×6 · Arambai ×2 · Scorpion ×1
Feudal
10:19
Castillos
15:42
Imperial
—
| APM promedio | 26.8 |
| APM pico | 62 |
| eAPM promedio | 15.1 |
| Aldeanos / militares | 50 / 6 |
Foco
⚔️ 31.8% · 🌾 68.2%
Monk ×6
Feudal
10:11
Castillos
13:12
Imperial
—
| APM promedio | 41.2 |
| APM pico | 79 |
| eAPM promedio | 24.4 |
| Aldeanos / militares | 87 / 28 |
Foco
⚔️ 26.3% · 🌾 73.7%
Knight ×28
Feudal
11:03
Castillos
14:40
Imperial
—
| APM promedio | 39.4 |
| APM pico | 95 |
| eAPM promedio | 14.6 |
| Aldeanos / militares | 64 / 26 |
Foco
⚔️ 27.1% · 🌾 72.9%
Knight ×21 · Spearman ×3 · Scout Cavalry ×2
Mapa de la partida
Recursos iniciales + cada clic de construcción. Líneas = muros · curvas = relieve. ◆ oro · ⬟ piedra · ● bayas · ✦ reliquia · ◌ hueco del cierre
Tu base· ✓ Cerrada en 14:33 · 0t muro · 2 puerta(s)
Base de CTM | Lelouch chiquito· ✓ Cerrada en 13:10 · 0t muro · 2 puerta(s)
Base de CTM | EnanaAtomica· ✓ Cerrada en 14:45 · 0t muro · 2 puerta(s)
Base de SS_T3q· ✓ Cerrada en 15:03 · 0t muro · 2 puerta(s)
Base de CTMl cachi· ✓ Cerrada en 10:36 · 0t muro · 2 puerta(s)
Base de SS_kurt· ✓ Cerrada en 15:42 · 1t muro · 2 puerta(s)
Base de CTM | Carpincho· ✓ Cerrada en 13:12 · 1t muro · 2 puerta(s)
Base de WagneR_JR· ✓ Cerrada en 14:40 · 0t muro · 3 puerta(s)
Terreno inicial suavizado · ◌ = hueco del cierre detectado · pasá el cursor para detalles
Inputs por minuto
— SS_Guxta - - CTM | Lelouch chiquito
Build order — SS_Guxta
Primeras 150 de 176 acciones detectadas
| 0:01 | Crear | Villager (Male) |
| 0:01 | Crear | Villager (Male) |
| 0:02 | Crear | Villager (Male) |
| 0:02 | Crear | Villager (Male) |
| 0:03 | Construir | House |
| 0:04 | Construir | House |
| 1:28 | Crear | Villager (Male) |
| 1:45 | Construir | Lumber Camp |
| 2:03 | Crear | Villager (Male) |
| 2:17 | Crear | Villager (Male) |
| 2:49 | Crear | Villager (Male) |
| 3:03 | Crear | Villager (Male) |
| 3:28 | Construir | House |
| 3:29 | Construir | House |
| 3:33 | Crear | Villager (Male) |
| 3:54 | Crear | Villager (Male) |
| 4:29 | Crear | Villager (Male) |
| 4:54 | Crear | Villager (Male) |
| 5:04 | Crear | Villager (Male) |
| 5:43 | Crear | Villager (Male) |
| 6:03 | Crear | Villager (Male) |
| 6:06 | Crear | Villager (Male) |
| 6:09 | Construir | Mill |
| 6:41 | Crear | Villager (Male) |
| 7:00 | Crear | Villager (Male) |
| 7:15 | Construir | Mining Camp |
| 7:42 | Crear | Villager (Male) |
| 8:20 | Crear | Villager (Male) |
| 8:48 | Investigar | Feudal Age |
| 9:33 | Construir | Barracks |
| 10:21 | Construir | House |
| 10:56 | Crear | Villager (Male) |
| 10:58 | Edad | Edad Feudal |
| 11:02 | Construir | Stable |
| 11:05 | Construir | Blacksmith |
| 11:10 | Crear | Villager (Male) |
| 11:25 | Crear | Villager (Male) |
| 11:53 | Investigar | Castle Age |
| 11:54 | Investigar | Castle Age |
| 12:19 | Investigar | Horse Collar |
| 12:41 | Construir | Farm |
| 12:42 | Construir | Farm |
| 12:51 | Construir | Farm |
| 13:10 | Construir | Farm |
| 13:24 | Construir | Farm |
| 13:27 | Construir | Farm |
| 13:44 | Construir | Farm |
| 13:59 | Construir | Farm |
| 14:12 | Construir | Farm |
| 14:22 | Construir | Farm |
| 14:25 | Crear | Villager (Male) |
| 14:33 | Edad | Edad de los Castillos |
| 14:36 | Crear | Knight |
| 14:41 | Construir | Farm |
| 14:54 | Crear | Villager (Male) |
| 15:04 | Construir | Farm |
| 15:07 | Crear | Knight |
| 15:28 | Crear | Villager (Male) |
| 15:44 | Crear | Knight |
| 15:49 | Construir | Farm |
| 15:51 | Construir | Farm |
| 16:07 | Crear | Villager (Male) |
| 16:09 | Construir | Farm |
| 16:22 | Crear | Knight |
| 16:31 | Crear | Knight |
| 16:37 | Crear | Villager (Male) |
| 16:39 | Construir | Farm |
| 16:55 | Crear | Knight |
| 17:02 | Crear | Villager (Male) |
| 17:09 | Crear | Villager (Male) |
| 17:15 | Construir | Stable |
| 17:20 | Construir | Farm |
| 17:28 | Crear | Knight |
| 17:48 | Crear | Knight |
| 17:49 | Crear | Knight |
| 17:49 | Crear | Knight |
| 17:59 | Crear | Villager (Male) |
| 18:06 | Crear | Villager (Male) |
| 18:15 | Investigar | Light Cavalry (upgrade) |
| 18:23 | Crear | Villager (Male) |
| 18:26 | Crear | Villager (Male) |
| 18:39 | Crear | Scout Cavalry |
| 18:40 | Crear | Scout Cavalry |
| 18:53 | Crear | Scout Cavalry |
| 18:56 | Crear | Villager (Male) |
| 18:57 | Crear | Villager (Male) |
| 19:07 | Crear | Villager (Male) |
| 19:10 | Construir | Farm |
| 19:11 | Construir | Farm |
| 19:12 | Construir | Farm |
| 19:13 | Construir | Farm |
| 19:15 | Construir | Farm |
| 19:26 | Crear | Scout Cavalry |
| 19:32 | Crear | Villager (Male) |
| 19:36 | Construir | Market |
| 19:42 | Crear | Villager (Male) |
| 19:57 | Investigar | Forging |
| 20:13 | Crear | Scout Cavalry |
| 20:20 | Crear | Knight |
| 20:20 | Crear | Scout Cavalry |
| 20:23 | Crear | Villager (Male) |
| 20:24 | Construir | Farm |
| 20:29 | Investigar | Bloodlines |
| 20:29 | Investigar | Bloodlines |
| 20:31 | Crear | Villager (Male) |
| 20:35 | Construir | Farm |
| 20:35 | Construir | Farm |
| 20:39 | Crear | Scout Cavalry |
| 20:43 | Crear | Knight |
| 20:52 | Construir | House |
| 20:58 | Crear | Scout Cavalry |
| 21:08 | Crear | Villager (Male) |
| 21:17 | Crear | Scout Cavalry |
| 21:27 | Crear | Scout Cavalry |
| 21:35 | Crear | Knight |
| 21:44 | Construir | House |
| 21:49 | Construir | House |
| 21:49 | Construir | Barracks |
| 21:57 | Crear | Scout Cavalry |
| 21:57 | Crear | Knight |
| 22:07 | Crear | Scout Cavalry |
| 22:20 | Investigar | Scale Barding Armor |
| 22:21 | Crear | Villager (Male) |
| 22:22 | Crear | Knight |
| 22:24 | Crear | Villager (Male) |
| 22:26 | Construir | Town Center |
| 22:31 | Crear | Scout Cavalry |
| 22:32 | Crear | Knight |
| 22:42 | Crear | Villager (Male) |
| 22:51 | Crear | Villager (Male) |
| 23:02 | Investigar | Wheelbarrow |
| 23:02 | Crear | Villager (Male) |
| 23:13 | Crear | Villager (Male) |
| 23:28 | Crear | Villager (Male) |
| 23:33 | Investigar | Double-Bit Axe |
| 23:35 | Crear | Villager (Male) |
| 23:37 | Construir | House |
| 23:37 | Construir | House |
| 23:42 | Crear | Knight |
| 23:42 | Crear | Scout Cavalry |
| 24:07 | Crear | Scout Cavalry |
| 24:07 | Crear | Knight |
| 24:08 | Crear | Villager (Male) |
| 24:10 | Investigar | Loom |
| 24:17 | Crear | Villager (Male) |
| 24:19 | Crear | Scout Cavalry |
| 24:19 | Crear | Knight |
| 24:22 | Crear | Villager (Male) |
| 24:22 | Crear | Villager (Male) |
| 24:25 | Crear | Villager (Male) |
Build order — CTM | Lelouch chiquito
122 acciones detectadas en el replay
| 0:01 | Crear | Villager (Male) |
| 0:01 | Crear | Villager (Male) |
| 0:01 | Crear | Villager (Male) |
| 0:02 | Construir | House |
| 0:03 | Construir | House |
| 0:07 | Crear | Villager (Male) |
| 1:10 | Crear | Villager (Male) |
| 1:11 | Crear | Villager (Male) |
| 1:56 | Crear | Villager (Male) |
| 2:07 | Crear | Villager (Male) |
| 2:12 | Construir | Lumber Camp |
| 2:37 | Crear | Villager (Male) |
| 2:51 | Investigar | Loom |
| 3:05 | Crear | Villager (Male) |
| 3:05 | Crear | Villager (Male) |
| 3:30 | Construir | House |
| 3:31 | Construir | House |
| 3:33 | Crear | Villager (Male) |
| 3:54 | Crear | Villager (Male) |
| 4:36 | Construir | Mill |
| 4:38 | Crear | Villager (Male) |
| 5:10 | Crear | Villager (Male) |
| 5:15 | Crear | Villager (Male) |
| 6:10 | Crear | Villager (Male) |
| 6:18 | Crear | Villager (Male) |
| 6:25 | Crear | Villager (Male) |
| 6:50 | Crear | Villager (Male) |
| 7:14 | Construir | Mining Camp |
| 7:24 | Investigar | Feudal Age |
| 7:24 | Investigar | Feudal Age |
| 9:31 | Crear | Villager (Male) |
| 9:41 | Edad | Edad Feudal |
| 9:43 | Construir | Market |
| 9:48 | Construir | Blacksmith |
| 9:54 | Investigar | Loom |
| 10:18 | Construir | Mining Camp |
| 10:30 | Investigar | Castle Age |
| 10:30 | Investigar | Castle Age |
| 11:14 | Investigar | Double-Bit Axe |
| 11:36 | Construir | House |
| 12:13 | Investigar | Gold Mining |
| 13:10 | Edad | Edad de los Castillos |
| 13:16 | Crear | Villager (Male) |
| 13:57 | Construir | Castle |
| 14:00 | Crear | Villager (Male) |
| 15:22 | Crear | Organ Gun |
| 15:26 | Construir | Siege Workshop |
| 15:30 | Construir | Farm |
| 15:35 | Crear | Villager (Male) |
| 15:53 | Crear | Organ Gun |
| 15:53 | Crear | Organ Gun |
| 16:12 | Construir | Farm |
| 16:12 | Construir | Farm |
| 16:12 | Construir | Farm |
| 16:13 | Construir | Farm |
| 16:13 | Construir | Farm |
| 16:13 | Construir | Farm |
| 16:22 | Construir | Mining Camp |
| 16:36 | Construir | Farm |
| 16:52 | Construir | Farm |
| 17:13 | Crear | Villager (Male) |
| 17:13 | Crear | Villager (Male) |
| 17:35 | Construir | House |
| 17:51 | Construir | House |
| 17:53 | Construir | Palisade Wall |
| 17:55 | Construir | Palisade Wall |
| 18:01 | Crear | Villager (Male) |
| 18:27 | Construir | House |
| 18:30 | Construir | House |
| 18:47 | Construir | Monastery |
| 19:13 | Construir | Farm |
| 19:35 | Investigar | Redemption |
| 19:47 | Crear | Villager (Male) |
| 19:47 | Crear | Villager (Male) |
| 19:53 | Construir | House |
| 20:12 | Crear | Monk |
| 20:23 | Crear | Villager (Male) |
| 20:24 | Crear | Villager (Male) |
| 20:49 | Crear | Villager (Male) |
| 20:52 | Investigar | Sanctity |
| 21:28 | Crear | Villager (Male) |
| 21:34 | Construir | Palisade Wall |
| 21:41 | Crear | Villager (Male) |
| 22:05 | Crear | Organ Gun |
| 22:06 | Crear | Monk |
| 22:07 | Crear | Villager (Male) |
| 22:36 | Crear | Monk |
| 22:36 | Crear | Monk |
| 22:37 | Crear | Villager (Male) |
| 22:37 | Crear | Villager (Male) |
| 22:55 | Construir | Monastery |
| 22:59 | Crear | Monk |
| 22:59 | Crear | Villager (Male) |
| 23:19 | Crear | Monk |
| 23:33 | Crear | Villager (Male) |
| 23:42 | Crear | Monk |
| 23:43 | Crear | Monk |
| 24:09 | Crear | Villager (Male) |
| 24:22 | Crear | Villager (Male) |
| 24:27 | Construir | Farm |
| 24:28 | Construir | Farm |
| 24:44 | Crear | Monk |
| 24:44 | Crear | Monk |
| 24:57 | Crear | Villager (Male) |
| 24:58 | Crear | Villager (Male) |
| 25:33 | Crear | Monk |
| 25:37 | Crear | Villager (Male) |
| 25:48 | Crear | Villager (Male) |
| 25:49 | Crear | Monk |
| 25:49 | Crear | Monk |
| 26:07 | Crear | Villager (Male) |
| 26:07 | Crear | Villager (Male) |
| 26:09 | Crear | Monk |
| 26:09 | Crear | Monk |
| 26:19 | Construir | Town Center |
| 26:22 | Crear | Villager (Male) |
| 26:31 | Crear | Villager (Male) |
| 26:32 | Crear | Villager (Male) |
| 26:33 | Construir | House |
| 26:34 | Construir | House |
| 26:44 | Crear | Monk |
| 26:44 | Crear | Monk |
Build order — CTM | EnanaAtomica
145 acciones detectadas en el replay
| 0:02 | Crear | Villager (Male) |
| 0:03 | Crear | Villager (Male) |
| 0:03 | Crear | Villager (Male) |
| 0:03 | Crear | Villager (Male) |
| 0:04 | Construir | House |
| 0:07 | Construir | House |
| 0:40 | Crear | Villager (Male) |
| 1:18 | Construir | Lumber Camp |
| 1:46 | Crear | Villager (Male) |
| 2:11 | Crear | Villager (Male) |
| 2:40 | Crear | Villager (Male) |
| 2:59 | Construir | House |
| 3:01 | Crear | Villager (Male) |
| 3:22 | Crear | Villager (Male) |
| 4:00 | Crear | Villager (Male) |
| 4:11 | Crear | Villager (Male) |
| 4:35 | Crear | Villager (Male) |
| 4:35 | Crear | Villager (Male) |
| 4:51 | Construir | Mining Camp |
| 4:56 | Crear | Villager (Male) |
| 5:18 | Construir | House |
| 5:50 | Crear | Villager (Male) |
| 6:04 | Crear | Villager (Male) |
| 6:05 | Crear | Villager (Male) |
| 6:18 | Crear | Villager (Male) |
| 6:29 | Construir | Mill |
| 7:10 | Crear | Villager (Male) |
| 8:02 | Crear | Villager (Male) |
| 8:32 | Construir | House |
| 8:57 | Investigar | Feudal Age |
| 8:59 | Investigar | Loom |
| 9:31 | Crear | Villager (Male) |
| 10:20 | Construir | Farm |
| 10:43 | Construir | Farm |
| 10:43 | Construir | Farm |
| 11:01 | Edad | Edad Feudal |
| 11:05 | Construir | Blacksmith |
| 11:09 | Construir | Market |
| 11:58 | Construir | Farm |
| 12:20 | Investigar | Castle Age |
| 12:27 | Construir | House |
| 13:04 | Investigar | Double-Bit Axe |
| 13:41 | Crear | Villager (Male) |
| 13:56 | Crear | Villager (Male) |
| 14:18 | Crear | Villager (Male) |
| 14:45 | Edad | Edad de los Castillos |
| 14:52 | Construir | Town Center |
| 15:21 | Construir | Farm |
| 15:22 | Crear | Villager (Male) |
| 15:22 | Crear | Villager (Male) |
| 15:25 | Crear | Villager (Male) |
| 15:25 | Crear | Villager (Male) |
| 15:40 | Crear | Villager (Male) |
| 16:03 | Construir | Town Center |
| 16:07 | Crear | Villager (Male) |
| 16:09 | Crear | Villager (Male) |
| 16:14 | Crear | Villager (Male) |
| 16:15 | Crear | Villager (Male) |
| 16:39 | Construir | Farm |
| 16:40 | Crear | Villager (Male) |
| 17:03 | Construir | Farm |
| 17:07 | Crear | Villager (Male) |
| 17:17 | Construir | Barracks |
| 17:26 | Construir | Farm |
| 17:45 | Construir | House |
| 17:50 | Construir | Palisade Wall |
| 17:51 | Crear | Villager (Male) |
| 17:56 | Construir | Farm |
| 17:59 | Construir | Farm |
| 18:05 | Crear | Spearman |
| 18:05 | Crear | Spearman |
| 18:21 | Crear | Spearman |
| 18:26 | Construir | Farm |
| 18:31 | Construir | Farm |
| 18:41 | Construir | Stable |
| 19:09 | Crear | Villager (Male) |
| 19:09 | Crear | Villager (Male) |
| 19:11 | Crear | Villager (Male) |
| 19:21 | Construir | Farm |
| 19:25 | Construir | Farm |
| 19:27 | Crear | Villager (Male) |
| 19:37 | Crear | Knight |
| 19:38 | Crear | Knight |
| 19:38 | Crear | Knight |
| 19:38 | Crear | Knight |
| 19:50 | Construir | House |
| 19:52 | Construir | House |
| 19:54 | Crear | Villager (Male) |
| 20:12 | Investigar | Scale Barding Armor |
| 20:41 | Crear | Villager (Male) |
| 20:41 | Crear | Villager (Male) |
| 20:41 | Crear | Villager (Male) |
| 20:47 | Construir | Farm |
| 20:47 | Construir | Farm |
| 20:54 | Crear | Villager (Male) |
| 21:07 | Construir | Farm |
| 21:11 | Crear | Villager (Male) |
| 21:11 | Crear | Villager (Male) |
| 21:16 | Construir | Farm |
| 21:16 | Construir | Farm |
| 21:24 | Construir | Farm |
| 21:24 | Construir | Farm |
| 21:33 | Crear | Knight |
| 21:44 | Investigar | Chain Barding Armor |
| 23:00 | Crear | Villager (Male) |
| 23:00 | Crear | Villager (Male) |
| 23:21 | Crear | Knight |
| 23:21 | Crear | Knight |
| 24:08 | Crear | Knight |
| 24:08 | Crear | Knight |
| 24:26 | Crear | Villager (Male) |
| 24:26 | Crear | Villager (Male) |
| 24:27 | Crear | Villager (Male) |
| 24:28 | Crear | Villager (Male) |
| 24:29 | Investigar | Forging |
| 24:30 | Crear | Villager (Male) |
| 24:34 | Construir | Farm |
| 24:34 | Construir | Farm |
| 24:34 | Construir | Farm |
| 24:37 | Construir | Farm |
| 24:38 | Construir | Farm |
| 24:38 | Construir | Farm |
| 24:38 | Construir | Farm |
| 24:38 | Construir | Farm |
| 24:39 | Construir | Farm |
| 24:39 | Construir | Farm |
| 24:42 | Crear | Villager (Male) |
| 24:52 | Construir | House |
| 24:53 | Construir | House |
| 24:54 | Construir | House |
| 24:56 | Crear | Villager (Male) |
| 24:57 | Construir | House |
| 25:00 | Construir | House |
| 25:01 | Construir | House |
| 25:03 | Crear | Villager (Male) |
| 25:07 | Construir | Farm |
| 25:13 | Crear | Villager (Male) |
| 25:17 | Crear | Villager (Male) |
| 26:12 | Crear | Villager (Male) |
| 26:17 | Construir | Stable |
| 26:21 | Construir | Farm |
| 26:22 | Construir | Farm |
| 26:23 | Crear | Villager (Male) |
| 26:42 | Crear | Villager (Male) |
| 26:44 | Crear | Villager (Male) |
Build order — SS_T3q
111 acciones detectadas en el replay
| 0:00 | Crear | Villager (Male) |
| 0:01 | Crear | Villager (Male) |
| 0:01 | Crear | Villager (Male) |
| 0:02 | Construir | House |
| 0:03 | Construir | House |
| 1:05 | Crear | Villager (Male) |
| 1:05 | Crear | Villager (Male) |
| 1:28 | Crear | Villager (Male) |
| 1:46 | Construir | Lumber Camp |
| 2:03 | Crear | Villager (Male) |
| 2:03 | Crear | Villager (Male) |
| 2:27 | Crear | Villager (Male) |
| 2:52 | Crear | Villager (Male) |
| 3:23 | Crear | Villager (Male) |
| 3:23 | Crear | Villager (Male) |
| 3:44 | Crear | Villager (Male) |
| 3:58 | Construir | House |
| 4:05 | Crear | Villager (Male) |
| 4:29 | Crear | Villager (Male) |
| 4:54 | Crear | Villager (Male) |
| 4:54 | Crear | Villager (Male) |
| 5:14 | Crear | Villager (Male) |
| 5:17 | Construir | Mill |
| 5:38 | Crear | Villager (Male) |
| 6:09 | Crear | Villager (Male) |
| 6:11 | Construir | House |
| 6:35 | Crear | Villager (Male) |
| 7:02 | Crear | Villager (Male) |
| 7:12 | Crear | Villager (Male) |
| 7:38 | Construir | Mining Camp |
| 7:40 | Crear | Villager (Male) |
| 8:06 | Construir | Farm |
| 8:11 | Construir | Farm |
| 8:18 | Crear | Villager (Male) |
| 8:34 | Investigar | Feudal Age |
| 8:48 | Construir | Farm |
| 8:49 | Construir | Farm |
| 10:11 | Construir | House |
| 10:24 | Construir | Barracks |
| 10:51 | Crear | Villager (Male) |
| 10:58 | Edad | Edad Feudal |
| 11:11 | Construir | Blacksmith |
| 11:17 | Crear | Villager (Male) |
| 11:32 | Construir | Archery Range |
| 11:38 | Crear | Villager (Male) |
| 12:23 | Investigar | Castle Age |
| 12:35 | Construir | Archery Range |
| 12:42 | Investigar | Fletching |
| 12:42 | Investigar | Fletching |
| 12:44 | Crear | Archer |
| 13:08 | Investigar | Double-Bit Axe |
| 13:08 | Investigar | Double-Bit Axe |
| 13:26 | Crear | Archer |
| 13:28 | Crear | Archer |
| 14:01 | Construir | Watch Tower |
| 14:16 | Crear | Archer |
| 15:03 | Edad | Edad de los Castillos |
| 15:19 | Crear | Villager (Male) |
| 15:19 | Crear | Villager (Male) |
| 15:21 | Construir | Siege Workshop |
| 16:03 | Construir | Mining Camp |
| 16:12 | Construir | Market |
| 16:15 | Crear | Villager (Male) |
| 16:33 | Crear | Villager (Male) |
| 16:55 | Construir | Lumber Camp |
| 17:03 | Crear | Mangonel |
| 17:04 | Crear | Villager (Male) |
| 17:26 | Crear | Villager (Male) |
| 17:43 | Construir | Farm |
| 17:44 | Crear | Villager (Male) |
| 17:46 | Construir | Farm |
| 18:36 | Construir | Farm |
| 18:39 | Crear | Battering Ram |
| 18:42 | Crear | Villager (Male) |
| 18:44 | Construir | Farm |
| 18:46 | Crear | Battering Ram |
| 18:56 | Construir | Farm |
| 19:12 | Construir | Farm |
| 19:27 | Crear | Villager (Male) |
| 19:40 | Crear | Battering Ram |
| 19:53 | Construir | Farm |
| 20:10 | Crear | Villager (Male) |
| 20:11 | Crear | Battering Ram |
| 20:26 | Crear | Villager (Male) |
| 20:41 | Construir | House |
| 20:55 | Crear | Villager (Male) |
| 21:22 | Crear | Villager (Male) |
| 22:02 | Crear | Battering Ram |
| 22:02 | Crear | Villager (Male) |
| 22:03 | Crear | Villager (Male) |
| 22:05 | Construir | Farm |
| 22:06 | Construir | Farm |
| 22:07 | Construir | Farm |
| 22:08 | Construir | Farm |
| 22:54 | Construir | Town Center |
| 22:56 | Crear | Villager (Male) |
| 22:57 | Crear | Villager (Male) |
| 23:01 | Crear | Archer |
| 23:03 | Crear | Archer |
| 23:25 | Construir | Palisade Gate |
| 23:28 | Construir | Palisade Wall |
| 23:35 | Crear | Archer |
| 23:35 | Crear | Archer |
| 24:10 | Crear | Archer |
| 24:40 | Crear | Villager (Male) |
| 24:41 | Crear | Villager (Male) |
| 24:50 | Crear | Mangonel |
| 26:08 | Crear | Villager (Male) |
| 26:15 | Construir | Castle |
| 26:32 | Crear | Villager (Male) |
| 26:46 | Construir | Farm |
Build order — CTMl cachi
135 acciones detectadas en el replay
| 0:01 | Crear | Villager (Male) |
| 0:01 | Crear | Villager (Male) |
| 0:02 | Crear | Villager (Male) |
| 0:03 | Construir | House |
| 0:05 | Construir | House |
| 0:12 | Crear | Villager (Male) |
| 1:26 | Crear | Villager (Male) |
| 1:50 | Construir | Lumber Camp |
| 2:00 | Crear | Villager (Male) |
| 2:00 | Crear | Villager (Male) |
| 2:17 | Crear | Villager (Male) |
| 2:17 | Crear | Villager (Male) |
| 2:31 | Crear | Villager (Male) |
| 3:04 | Construir | House |
| 3:05 | Construir | House |
| 3:25 | Crear | Villager (Male) |
| 3:25 | Crear | Villager (Male) |
| 4:15 | Crear | Villager (Male) |
| 4:16 | Crear | Villager (Male) |
| 4:16 | Crear | Villager (Male) |
| 4:44 | Crear | Villager (Male) |
| 4:45 | Crear | Villager (Male) |
| 5:01 | Crear | Villager (Male) |
| 5:01 | Crear | Villager (Male) |
| 5:17 | Construir | Mill |
| 5:41 | Crear | Villager (Male) |
| 5:42 | Crear | Villager (Male) |
| 6:02 | Crear | Villager (Male) |
| 6:53 | Construir | Mining Camp |
| 7:16 | Investigar | Feudal Age |
| 7:16 | Investigar | Feudal Age |
| 8:45 | Crear | Villager (Male) |
| 8:45 | Investigar | Loom |
| 9:28 | Construir | Market |
| 9:30 | Construir | Blacksmith |
| 10:36 | Investigar | Castle Age |
| 11:20 | Construir | House |
| 11:21 | Construir | House |
| 12:17 | Construir | House |
| 12:35 | Crear | Villager (Male) |
| 12:35 | Crear | Villager (Male) |
| 13:19 | Construir | Monastery |
| 13:26 | Construir | Siege Workshop |
| 13:33 | Construir | Monastery |
| 13:33 | Crear | Villager (Male) |
| 13:40 | Crear | Villager (Male) |
| 13:59 | Crear | Monk |
| 14:08 | Crear | Battering Ram |
| 14:09 | Crear | Villager (Male) |
| 14:14 | Construir | Mining Camp |
| 14:26 | Construir | Outpost |
| 14:31 | Construir | Outpost |
| 14:39 | Crear | Monk |
| 14:43 | Investigar | Sanctity |
| 14:59 | Crear | Monk |
| 15:02 | Crear | Villager (Male) |
| 15:19 | Crear | Monk |
| 15:31 | Crear | Villager (Male) |
| 15:36 | Construir | House |
| 15:36 | Crear | Villager (Male) |
| 15:53 | Crear | Monk |
| 16:07 | Construir | Farm |
| 16:07 | Construir | Farm |
| 16:07 | Construir | Farm |
| 16:07 | Construir | Farm |
| 16:10 | Construir | Mining Camp |
| 16:19 | Crear | Monk |
| 16:23 | Construir | House |
| 16:36 | Crear | Monk |
| 16:45 | Construir | Farm |
| 17:00 | Construir | House |
| 17:15 | Crear | Monk |
| 17:23 | Investigar | Redemption |
| 17:26 | Crear | Villager (Male) |
| 17:36 | Crear | Monk |
| 17:41 | Construir | House |
| 17:53 | Crear | Villager (Male) |
| 18:06 | Construir | House |
| 18:24 | Crear | Monk |
| 18:25 | Crear | Villager (Male) |
| 18:32 | Crear | Monk |
| 18:54 | Crear | Monk |
| 18:56 | Construir | House |
| 19:05 | Crear | Battering Ram |
| 19:06 | Crear | Villager (Male) |
| 19:16 | Construir | Outpost |
| 19:22 | Crear | Monk |
| 19:31 | Crear | Villager (Male) |
| 19:33 | Construir | House |
| 19:49 | Crear | Battering Ram |
| 19:49 | Crear | Battering Ram |
| 19:52 | Construir | Outpost |
| 19:53 | Crear | Villager (Male) |
| 20:01 | Crear | Monk |
| 20:12 | Investigar | Atonement |
| 20:26 | Construir | House |
| 20:30 | Crear | Battering Ram |
| 20:36 | Crear | Monk |
| 20:37 | Crear | Monk |
| 20:37 | Crear | Villager (Male) |
| 20:44 | Construir | Farm |
| 21:06 | Crear | Monk |
| 21:30 | Crear | Scorpion |
| 21:31 | Crear | Villager (Male) |
| 21:40 | Crear | Monk |
| 21:45 | Crear | Villager (Male) |
| 21:45 | Crear | Villager (Male) |
| 22:05 | Crear | Monk |
| 22:05 | Crear | Monk |
| 22:07 | Construir | House |
| 22:20 | Crear | Villager (Male) |
| 22:54 | Crear | Villager (Male) |
| 23:00 | Crear | Villager (Male) |
| 23:04 | Construir | House |
| 23:08 | Crear | Battering Ram |
| 23:24 | Construir | Castle |
| 23:30 | Crear | Villager (Male) |
| 23:59 | Construir | House |
| 24:03 | Crear | Villager (Male) |
| 24:04 | Crear | Villager (Male) |
| 24:21 | Crear | Villager (Male) |
| 24:50 | Crear | Villager (Male) |
| 25:05 | Crear | Arambai |
| 25:05 | Crear | Arambai |
| 25:19 | Crear | Monk |
| 25:19 | Crear | Monk |
| 25:26 | Crear | Villager (Male) |
| 25:36 | Crear | Monk |
| 25:37 | Crear | Villager (Male) |
| 25:47 | Construir | Town Center |
| 25:56 | Crear | Monk |
| 26:11 | Crear | Villager (Male) |
| 26:12 | Crear | Monk |
| 26:33 | Crear | Villager (Male) |
| 26:41 | Crear | Monk |
Build order — SS_kurt
111 acciones detectadas en el replay
| 0:02 | Crear | Villager (Male) |
| 0:03 | Crear | Villager (Male) |
| 0:03 | Crear | Villager (Male) |
| 0:03 | Crear | Villager (Male) |
| 0:05 | Construir | House |
| 0:07 | Construir | House |
| 1:30 | Crear | Villager (Male) |
| 2:03 | Crear | Villager (Male) |
| 2:32 | Crear | Villager (Male) |
| 2:32 | Crear | Villager (Male) |
| 2:33 | Crear | Villager (Male) |
| 2:35 | Construir | Lumber Camp |
| 3:18 | Crear | Villager (Male) |
| 3:18 | Crear | Villager (Male) |
| 4:08 | Crear | Villager (Male) |
| 4:10 | Crear | Villager (Male) |
| 4:30 | Construir | House |
| 4:39 | Crear | Villager (Male) |
| 4:40 | Crear | Villager (Male) |
| 5:06 | Construir | Mill |
| 5:22 | Crear | Villager (Male) |
| 5:45 | Crear | Villager (Male) |
| 6:10 | Crear | Villager (Male) |
| 6:19 | Construir | House |
| 6:46 | Construir | House |
| 6:49 | Crear | Villager (Male) |
| 7:09 | Crear | Villager (Male) |
| 7:35 | Crear | Villager (Male) |
| 7:47 | Investigar | Feudal Age |
| 7:54 | Construir | Mining Camp |
| 8:13 | Construir | Mining Camp |
| 8:31 | Crear | Villager (Male) |
| 8:49 | Construir | Farm |
| 9:10 | Crear | Villager (Male) |
| 9:43 | Investigar | Loom |
| 10:03 | Crear | Villager (Male) |
| 10:04 | Crear | Villager (Male) |
| 10:13 | Construir | Farm |
| 10:15 | Construir | Farm |
| 10:19 | Edad | Edad Feudal |
| 11:10 | Crear | Villager (Male) |
| 11:26 | Construir | Market |
| 11:40 | Crear | Villager (Male) |
| 12:15 | Construir | Blacksmith |
| 12:18 | Construir | Palisade Wall |
| 12:20 | Crear | Villager (Male) |
| 12:25 | Construir | House |
| 13:02 | Investigar | Castle Age |
| 13:02 | Investigar | Castle Age |
| 14:01 | Investigar | Double-Bit Axe |
| 14:01 | Investigar | Double-Bit Axe |
| 14:07 | Construir | Farm |
| 14:19 | Construir | Farm |
| 14:22 | Construir | Farm |
| 14:33 | Investigar | Horse Collar |
| 15:28 | Construir | House |
| 15:30 | Construir | House |
| 15:42 | Edad | Edad de los Castillos |
| 15:52 | Construir | Siege Workshop |
| 15:57 | Construir | Monastery |
| 15:57 | Crear | Villager (Male) |
| 15:58 | Crear | Villager (Male) |
| 16:09 | Construir | House |
| 16:12 | Construir | House |
| 16:28 | Crear | Monk |
| 16:35 | Construir | Watch Tower |
| 16:45 | Construir | Watch Tower |
| 16:56 | Crear | Monk |
| 16:58 | Crear | Villager (Male) |
| 17:23 | Crear | Villager (Male) |
| 17:41 | Crear | Villager (Male) |
| 17:44 | Construir | Watch Tower |
| 18:06 | Construir | Farm |
| 18:20 | Crear | Villager (Male) |
| 18:28 | Construir | Farm |
| 18:54 | Crear | Villager (Male) |
| 19:11 | Construir | Watch Tower |
| 19:18 | Construir | Watch Tower |
| 19:21 | Crear | Monk |
| 19:22 | Crear | Villager (Male) |
| 19:29 | Construir | Watch Tower |
| 19:55 | Crear | Villager (Male) |
| 19:56 | Crear | Villager (Male) |
| 20:15 | Construir | Farm |
| 20:15 | Construir | Farm |
| 20:15 | Construir | Farm |
| 20:15 | Construir | Farm |
| 20:16 | Construir | Farm |
| 20:31 | Crear | Monk |
| 20:36 | Crear | Villager (Male) |
| 21:09 | Crear | Villager (Male) |
| 22:09 | Construir | Watch Tower |
| 22:18 | Crear | Villager (Male) |
| 22:18 | Crear | Villager (Male) |
| 22:20 | Crear | Monk |
| 22:30 | Construir | Farm |
| 22:55 | Crear | Villager (Male) |
| 22:57 | Crear | Monk |
| 23:04 | Construir | Watch Tower |
| 23:18 | Investigar | Fletching |
| 23:18 | Investigar | Fletching |
| 23:27 | Construir | Farm |
| 23:34 | Crear | Villager (Male) |
| 23:37 | Crear | Villager (Male) |
| 24:20 | Crear | Villager (Male) |
| 24:22 | Crear | Villager (Male) |
| 24:59 | Crear | Villager (Male) |
| 24:59 | Crear | Villager (Male) |
| 25:15 | Crear | Villager (Male) |
| 25:21 | Construir | Watch Tower |
| 25:57 | Construir | Watch Tower |
Build order — CTM | Carpincho
Primeras 150 de 195 acciones detectadas
| 0:01 | Crear | Villager (Male) |
| 0:02 | Crear | Villager (Male) |
| 0:02 | Crear | Villager (Male) |
| 0:02 | Crear | Villager (Male) |
| 0:03 | Construir | House |
| 0:05 | Construir | House |
| 1:32 | Crear | Villager (Male) |
| 1:32 | Crear | Villager (Male) |
| 1:32 | Crear | Villager (Male) |
| 1:46 | Construir | Lumber Camp |
| 2:06 | Crear | Villager (Male) |
| 2:19 | Crear | Villager (Male) |
| 2:44 | Construir | House |
| 2:45 | Construir | House |
| 2:53 | Crear | Villager (Male) |
| 3:22 | Crear | Villager (Male) |
| 3:40 | Crear | Villager (Male) |
| 3:56 | Crear | Villager (Male) |
| 3:56 | Crear | Villager (Male) |
| 4:02 | Construir | House |
| 4:25 | Crear | Villager (Male) |
| 4:53 | Crear | Villager (Male) |
| 5:03 | Construir | Mill |
| 5:21 | Crear | Villager (Male) |
| 5:49 | Crear | Villager (Male) |
| 6:18 | Crear | Villager (Male) |
| 6:46 | Crear | Villager (Male) |
| 6:52 | Crear | Villager (Male) |
| 7:01 | Construir | Mining Camp |
| 7:32 | Crear | Villager (Male) |
| 7:46 | Crear | Villager (Male) |
| 7:47 | Investigar | Feudal Age |
| 8:25 | Construir | Farm |
| 9:02 | Construir | Farm |
| 9:38 | Construir | Farm |
| 10:03 | Construir | Farm |
| 10:10 | Investigar | Loom |
| 10:11 | Edad | Edad Feudal |
| 10:32 | Investigar | Castle Age |
| 10:38 | Construir | House |
| 11:31 | Construir | Palisade Wall |
| 11:49 | Investigar | Double-Bit Axe |
| 12:39 | Investigar | Loom |
| 12:55 | Investigar | Horse Collar |
| 13:00 | Construir | Farm |
| 13:02 | Construir | Farm |
| 13:12 | Edad | Edad de los Castillos |
| 13:18 | Construir | Stable |
| 13:22 | Crear | Villager (Male) |
| 13:30 | Crear | Villager (Male) |
| 13:34 | Construir | House |
| 14:06 | Construir | Farm |
| 14:06 | Construir | Farm |
| 14:07 | Construir | Farm |
| 14:07 | Construir | Farm |
| 14:10 | Crear | Villager (Male) |
| 14:18 | Crear | Knight |
| 14:27 | Crear | Villager (Male) |
| 14:29 | Crear | Knight |
| 14:39 | Construir | House |
| 14:54 | Crear | Villager (Male) |
| 15:04 | Construir | House |
| 15:07 | Crear | Knight |
| 15:12 | Crear | Villager (Male) |
| 15:27 | Crear | Knight |
| 15:28 | Crear | Villager (Male) |
| 15:29 | Construir | House |
| 15:30 | Crear | Villager (Male) |
| 15:32 | Construir | Farm |
| 15:56 | Construir | House |
| 15:59 | Construir | House |
| 16:15 | Crear | Villager (Male) |
| 16:19 | Crear | Knight |
| 16:19 | Crear | Knight |
| 16:19 | Crear | Villager (Male) |
| 16:20 | Crear | Villager (Male) |
| 16:38 | Crear | Knight |
| 16:56 | Construir | Town Center |
| 17:03 | Crear | Villager (Male) |
| 17:03 | Crear | Villager (Male) |
| 17:11 | Crear | Knight |
| 17:24 | Construir | House |
| 17:26 | Construir | House |
| 17:27 | Crear | Villager (Male) |
| 17:44 | Crear | Knight |
| 17:55 | Crear | Villager (Male) |
| 18:12 | Crear | Villager (Male) |
| 18:33 | Crear | Villager (Male) |
| 18:33 | Crear | Villager (Male) |
| 18:40 | Construir | House |
| 18:40 | Construir | House |
| 18:41 | Crear | Villager (Male) |
| 18:41 | Crear | Villager (Male) |
| 19:00 | Construir | Farm |
| 19:01 | Construir | Farm |
| 19:03 | Crear | Villager (Male) |
| 19:03 | Crear | Villager (Male) |
| 19:11 | Crear | Knight |
| 19:20 | Crear | Villager (Male) |
| 19:20 | Crear | Villager (Male) |
| 19:30 | Construir | House |
| 19:31 | Construir | House |
| 19:32 | Crear | Villager (Male) |
| 19:32 | Crear | Villager (Male) |
| 19:39 | Crear | Villager (Male) |
| 19:39 | Crear | Villager (Male) |
| 19:50 | Construir | Blacksmith |
| 20:00 | Crear | Villager (Male) |
| 20:13 | Crear | Villager (Male) |
| 20:17 | Construir | Farm |
| 20:19 | Construir | Farm |
| 20:22 | Crear | Villager (Male) |
| 20:30 | Construir | House |
| 20:30 | Construir | House |
| 20:34 | Crear | Villager (Male) |
| 20:35 | Crear | Villager (Male) |
| 20:47 | Crear | Knight |
| 21:14 | Crear | Villager (Male) |
| 21:15 | Crear | Villager (Male) |
| 21:19 | Crear | Knight |
| 21:33 | Crear | Villager (Male) |
| 21:40 | Crear | Villager (Male) |
| 21:45 | Construir | Town Center |
| 21:50 | Crear | Villager (Male) |
| 21:50 | Crear | Villager (Male) |
| 22:02 | Crear | Knight |
| 22:08 | Construir | Market |
| 22:14 | Crear | Villager (Male) |
| 22:24 | Crear | Villager (Male) |
| 22:33 | Crear | Villager (Male) |
| 22:35 | Construir | House |
| 22:36 | Construir | House |
| 22:42 | Crear | Villager (Male) |
| 22:42 | Crear | Villager (Male) |
| 22:53 | Crear | Knight |
| 23:06 | Crear | Villager (Male) |
| 23:07 | Crear | Villager (Male) |
| 23:11 | Construir | House |
| 23:12 | Construir | House |
| 23:13 | Construir | House |
| 23:18 | Crear | Knight |
| 23:19 | Crear | Knight |
| 23:23 | Investigar | Scale Barding Armor |
| 23:37 | Investigar | Husbandry |
| 23:42 | Crear | Villager (Male) |
| 23:42 | Crear | Villager (Male) |
| 23:48 | Investigar | Bow Saw |
| 23:51 | Construir | Lumber Camp |
| 23:54 | Construir | Farm |
| 23:54 | Construir | Farm |
Build order — WagneR_JR
142 acciones detectadas en el replay
| 0:03 | Crear | Villager (Male) ×4 |
| 0:05 | Construir | House |
| 0:06 | Construir | House |
| 1:37 | Crear | Villager (Male) |
| 2:10 | Crear | Villager (Male) ×2 |
| 2:10 | Crear | Villager (Male) ×2 |
| 2:21 | Crear | Villager (Male) |
| 2:21 | Crear | Villager (Male) |
| 2:40 | Construir | Lumber Camp |
| 3:15 | Crear | Villager (Male) ×2 |
| 3:58 | Construir | House |
| 4:06 | Construir | House |
| 4:08 | Crear | Villager (Male) |
| 4:08 | Crear | Villager (Male) |
| 4:41 | Construir | Mill |
| 4:43 | Crear | Villager (Male) |
| 4:43 | Crear | Villager (Male) ×2 |
| 4:43 | Crear | Villager (Male) |
| 5:30 | Crear | Villager (Male) |
| 5:57 | Crear | Villager (Male) ×2 |
| 5:57 | Crear | Villager (Male) ×2 |
| 6:47 | Crear | Villager (Male) |
| 6:56 | Crear | Villager (Male) |
| 7:24 | Crear | Villager (Male) |
| 7:59 | Crear | Villager (Male) |
| 8:11 | Construir | Mining Camp |
| 8:23 | Crear | Villager (Male) |
| 8:50 | Investigar | Feudal Age |
| 9:00 | Construir | Barracks |
| 9:48 | Crear | Villager (Male) |
| 9:48 | Crear | Villager (Male) |
| 11:03 | Edad | Edad Feudal |
| 11:05 | Construir | Stable |
| 11:08 | Construir | Blacksmith |
| 12:00 | Investigar | Castle Age |
| 12:07 | Construir | House |
| 13:04 | Investigar | Double-Bit Axe |
| 13:18 | Construir | Farm |
| 13:18 | Construir | Farm |
| 13:18 | Construir | Farm |
| 13:18 | Construir | Farm |
| 13:19 | Construir | Farm |
| 13:47 | Construir | Farm |
| 13:49 | Construir | Farm |
| 13:58 | Construir | Farm |
| 14:11 | Construir | Farm |
| 14:23 | Crear | Villager (Male) |
| 14:40 | Edad | Edad de los Castillos |
| 14:42 | Crear | Knight |
| 14:42 | Crear | Knight |
| 14:49 | Construir | Farm |
| 15:03 | Crear | Villager (Male) |
| 15:06 | Construir | Farm |
| 15:07 | Construir | Farm |
| 15:13 | Construir | Farm |
| 15:27 | Crear | Villager (Male) |
| 15:41 | Crear | Villager (Male) |
| 15:42 | Crear | Knight |
| 16:04 | Construir | Farm |
| 16:04 | Construir | Farm |
| 16:08 | Crear | Villager (Male) |
| 16:11 | Crear | Knight |
| 16:27 | Construir | Farm |
| 16:31 | Crear | Villager (Male) |
| 16:39 | Crear | Knight |
| 17:04 | Crear | Villager (Male) |
| 17:07 | Construir | Farm |
| 17:07 | Construir | Farm |
| 17:08 | Crear | Spearman ×3 |
| 17:14 | Crear | Knight ×2 |
| 17:14 | Crear | Knight ×2 |
| 17:32 | Crear | Villager (Male) |
| 17:35 | Construir | Farm |
| 17:47 | Construir | House |
| 17:47 | Construir | House |
| 17:48 | Construir | House |
| 17:48 | Construir | House |
| 17:48 | Construir | House |
| 17:59 | Investigar | Scale Mail Armor |
| 18:02 | Investigar | Forging |
| 18:25 | Investigar | Scale Barding Armor |
| 18:29 | Crear | Knight |
| 19:12 | Crear | Villager (Male) |
| 19:14 | Crear | Knight |
| 19:14 | Crear | Knight |
| 19:25 | Crear | Villager (Male) |
| 19:30 | Construir | Town Center |
| 19:37 | Construir | Farm |
| 19:39 | Investigar | Horse Collar |
| 19:58 | Crear | Villager (Male) |
| 20:15 | Investigar | Bloodlines |
| 20:18 | Construir | Farm |
| 20:21 | Crear | Villager (Male) |
| 20:36 | Investigar | Chain Barding Armor |
| 20:37 | Crear | Villager (Male) |
| 20:40 | Investigar | Loom |
| 21:01 | Investigar | Wheelbarrow |
| 22:04 | Crear | Villager (Male) |
| 22:04 | Crear | Villager (Male) |
| 22:05 | Crear | Knight |
| 22:05 | Crear | Knight |
| 22:40 | Crear | Villager (Male) |
| 22:40 | Crear | Villager (Male) |
| 22:41 | Crear | Knight ×2 |
| 22:58 | Construir | Stable |
| 23:01 | Crear | Villager (Male) |
| 23:01 | Crear | Villager (Male) |
| 23:28 | Crear | Knight |
| 23:28 | Crear | Knight |
| 23:32 | Crear | Villager (Male) |
| 23:32 | Crear | Villager (Male) |
| 23:59 | Crear | Villager (Male) |
| 23:59 | Crear | Villager (Male) |
| 24:01 | Crear | Knight |
| 24:03 | Investigar | Husbandry |
| 24:05 | Construir | Farm |
| 24:05 | Construir | Farm |
| 24:06 | Construir | Farm |
| 24:06 | Construir | Farm |
| 24:24 | Crear | Villager (Male) |
| 24:24 | Crear | Villager (Male) |
| 24:43 | Crear | Knight |
| 24:43 | Crear | Knight |
| 24:44 | Crear | Villager (Male) |
| 24:45 | Crear | Villager (Male) |
| 25:53 | Crear | Villager (Male) |
| 25:53 | Crear | Villager (Male) |
| 25:54 | Crear | Villager (Male) |
| 25:55 | Crear | Villager (Male) |
| 25:57 | Construir | Monastery |
| 26:01 | Investigar | Light Cavalry (upgrade) |
| 26:01 | Crear | Scout Cavalry |
| 26:02 | Crear | Scout Cavalry |
| 26:17 | Construir | Farm |
| 26:18 | Construir | Farm |
| 26:18 | Construir | Farm |
| 26:18 | Construir | Farm |
| 26:19 | Construir | Farm |
| 26:19 | Construir | Farm |
| 26:34 | Investigar | Iron Casting |
| 26:38 | Crear | Villager (Male) |
| 26:38 | Crear | Villager (Male) |
Cronología de la partida
| 9:00 | WagneR_JR · first_building Barracks |
| 9:33 | SS_Guxta · first_building Barracks |
| 9:41 | CTM | Lelouch chiquito · age_up feudal |
| 10:11 | CTM | Carpincho · age_up feudal |
| 10:17 | CTMl cachi · first_market_buy 100 food |
| 10:17 | CTMl cachi · first_market_sell 100 stone |
| 10:19 | SS_kurt · age_up feudal |
| 10:24 | SS_T3q · first_building Barracks |
| 10:58 | SS_T3q · age_up feudal |
| 10:58 | SS_Guxta · age_up feudal |
| 11:01 | CTM | EnanaAtomica · age_up feudal |
| 11:02 | SS_Guxta · first_building Stable |
| 11:03 | WagneR_JR · age_up feudal |
| 11:05 | WagneR_JR · first_building Stable |
| 11:31 | CTM | Carpincho · wall_segment Palisade Wall x1 |
| 11:32 | SS_T3q · first_building Archery Range |
| 12:18 | SS_kurt · wall_segment Palisade Wall x1 |
| 13:10 | CTM | Lelouch chiquito · age_up castle |
| 13:12 | CTM | Carpincho · age_up castle |
| 13:18 | CTM | Carpincho · first_building Stable |
| 13:19 | CTMl cachi · first_building Monastery |
| 13:26 | CTMl cachi · first_building Siege Workshop |
| 13:57 | CTM | Lelouch chiquito · first_building Castle |
| 14:33 | SS_Guxta · age_up castle |
| 14:40 | WagneR_JR · age_up castle |
| 14:45 | CTM | EnanaAtomica · age_up castle |
| 15:03 | SS_T3q · age_up castle |
| 15:21 | SS_T3q · first_building Siege Workshop |
| 15:26 | CTM | Lelouch chiquito · first_building Siege Workshop |
| 15:42 | SS_kurt · age_up castle |
| 15:48 | CTM | Lelouch chiquito · first_market_buy 100 wood |
| 15:52 | SS_kurt · first_building Siege Workshop |
| 15:57 | SS_kurt · first_building Monastery |
| 16:59 | SS_T3q · first_market_sell 100 food |
| 17:10 | CTM | EnanaAtomica · first_market_buy 100 wood |
| 17:17 | CTM | EnanaAtomica · first_building Barracks |
| 17:50 | CTM | EnanaAtomica · wall_segment Palisade Wall x1 |
| 17:53 | CTM | Lelouch chiquito · wall_segment Palisade Wall x1 |
| 17:55 | CTM | Lelouch chiquito · wall_segment Palisade Wall x1 |
| 18:03 | SS_T3q · first_market_buy 100 wood |
| 18:41 | CTM | EnanaAtomica · first_building Stable |
| 18:47 | CTM | Lelouch chiquito · first_building Monastery |
| 20:27 | SS_Guxta · first_market_buy 100 food |
| 21:34 | CTM | Lelouch chiquito · wall_segment Palisade Wall x1 |
| 23:05 | CTM | Carpincho · first_market_buy 100 food |
| 23:24 | CTMl cachi · first_building Castle |
| 23:28 | SS_T3q · wall_segment Palisade Wall x1 |
| 25:57 | WagneR_JR · first_building Monastery |
| 26:13 | CTM | Lelouch chiquito · first_market_sell 100 wood |
| 26:15 | SS_T3q · first_building Castle |
| 26:41 | SS_kurt · resign |
[ ANÁLISIS IA · 1 CRÉDITO ]
¿Qué pasó realmente en esta partida?
Wolo.gg analiza cada decisión: build order, eco, micro, errores típicos por bracket. Análisis personalizado por WhatsApp o Discord en 30 segundos.
Guía civ
Eslavos
Perfil
Jugador #1978291